 Dungeon Crawl Stone Soup version 0.20-a0-903-g7e3609c (webtiles) character file.

1431 Goblin1989 the Twirler (level 9, -2/55 HPs)
             Began as a Kobold Gladiator on Mar 20, 2017.
             Slain by an orc warrior
             ... wielding a +2 war axe of venom
              (18 damage)
             ... on level 6 of the Dungeon.
             The game lasted 00:10:41 (5149 turns).

Goblin1989 the Twirler (Kobold Gladiator)           Turns: 5149, Time: 00:10:41

Health: -2/55      AC: 11    Str: 14    XL:     9   Next: 3%
Magic:  9/9        EV: 18    Int: 10    God:
Gold:   169        SH:  0    Dex: 16    Spells: 8/8 levels left

rFire    . . .     SeeInvis .   b - +2 quarterstaff (chaos)
rCold    . . .     Gourm    .   r - +0 scale mail
rNeg     . . .     Faith    .   (shield currently unavailable)
rPois    .         Spirit   .   c - +1 helmet
rElec    .         Reflect  .   t - +0 cloak
rCorr    .         Harm     .   q - +0 pair of gloves
MR       .....                  (no boots)
Stlth    ..........             (no amulet)
Regen    0.2/turn               u - +3 ring of evasion
MPRegen  0.2/turn               l - ring of loudness

@: no status effects
A: carnivore 3
a: no special abilities


You were on level 6 of the Dungeon.
You were completely stuffed.

You visited 2 branches of the dungeon, and saw 7 of its levels.
You also visited: Sewer.

You collected 169 gold pieces.

Inventory:

Hand Weapons
 a - a +0 quarterstaff
 b - a +2 quarterstaff of chaos (weapon)
Missiles
 Z - 5 throwing nets (quivered) {!d, =f}
Armour
 c - a +1 helmet (worn)
 q - a +0 pair of gloves (worn)
 r - a +0 scale mail (worn)
 t - a +0 cloak (worn)
Jewellery
 l - a ring of loudness (left hand)
 u - a +3 ring of evasion (right hand)
Scrolls
 i - 4 scrolls of remove curse {@r2}
 m - 2 scrolls of fog
 p - 3 scrolls of fear
 y - 7 scrolls of enchant armour
 B - a scroll of blinking
 R - 2 scrolls of identify {@r1}
 T - 2 scrolls of teleportation {!r, @r3}
Potions
 d - a potion of brilliance {unknown}
 e - 3 potions of magic {unknown}
 g - 2 potions of agility
 j - 3 potions of might
 k - 3 potions of curing {@q1}
 n - a potion of invisibility {unknown}
 o - 2 potions of lignification
 s - 2 potions of degeneration {unknown}
 w - 2 potions of flight {unknown}
 x - a potion of mutation {unknown}
Books
 v - a book of Misfortune

   Spells                             Type                      Level
   a - Confusing Touch                Hexes                        1
   b - Confuse                        Hexes                        3
   c - Gell's Gravitas                Translocation                3
   d - Petrify                        Transmutation/Earth          4
   e - Metabolic Englaciation         Hexes/Ice                    5
   f - Yara's Violent Unravelling     Hexes/Transmutation          5
Comestibles
 f - 4 meat rations {@e2}
 h - 2 royal jellies
 z - 9 chunks of flesh


   Skills:
 + Level 5.6 Fighting
 * Level 6.7 Staves
 - Level 2.1 Throwing
 + Level 3.5 Armour
 + Level 6.6 Dodging


You had 8 spell levels left.
You didn't know any spells.

Dungeon Overview and Level Annotations

Branches:
Dungeon (6/15)             Temple (1/1) D:6

Altars:
Ashenzari
Dithmenos
Elyvilon
Fedhas
Gozag
Hepliaklqana
Kikubaaqudgha
Makhleb
Ru
Trog
Vehumet
Wu Jian
Xom
Zin
The Shining One

Shops:
D:4 }

Annotations:
D:3 Grinder


Innate Abilities, Weirdness & Mutations

You are small and have problems with some larger weapons.
You are carnivorous and can eat meat at any time.


Message History

No target in view!
No target in view!
No target in view!
No target in view!
No target in view!
No target in view!
No target in view!
No target in view!
No target in view!
No target in view!
No target in view!
No target in view!
No target in view!
No target in view!
No target in view!
No target in view!
No target in view!
No target in view!
No target in view!
Things that are here:
a hand axe; a plate armour You butcher the orc corpse.
z - 8 chunks of flesh (gained 3)
You butcher the orc corpse.
z - 9 chunks of flesh (gained 1)
You see here a club. x2
s - 2 glowing pink potions (gained 1)
An orc wizard comes into view. It is wielding a dagger.
You feel a little less mighty now.
The orc wizard shouts!
An orc wizard is nearby!
An orc comes into view. It is wielding a whip.
The orc shouts!
The orc wizard points at you and mumbles some strange words.
The puff of flame misses you.
An orc warrior comes into view. It is wielding a war axe of venom.
The orc warrior shouts!
You see here a potion of curing {@q1}.
You thump the orc wizard! You freeze the orc wizard.
The orc wizard is almost dead.
The orc wizard closely misses you.
You hit the orc wizard.
You kill the orc wizard!
The orc warrior misses you.
Things that are here:
a dagger; a robe; an orc corpse You closely miss the orc warrior.
The orc warrior hits you but does no damage.
You are poisoned.
Health restored: 55 You hit the orc warrior but do no damage.
You feel sick.
The orc warrior hits you but does no damage.
You hit the orc warrior but do no damage.
You feel sick.
The orc warrior hits you with a war axe of venom!
You barely miss the orc warrior. The orc warrior misses you.
You hit the orc warrior but do no damage.
You take 13 damage, and have 42/55 hp.
MASSIVE DAMAGE!!
Your scale mail prevents you from hitting the orc warrior.
You feel sick. The orc warrior closely misses you.
You hit the orc warrior but do no damage.
The orc warrior is poisoned.
The orc warrior hits you with a war axe of venom!
Your scale mail prevents you from hitting the orc warrior.
The orc warrior closely misses you.
You take 7 damage, and have 35/55 hp.
You hit the orc warrior.
The orc warrior is moderately wounded.
You feel sick. The orc warrior misses you.
You thump the orc warrior!
The orc warrior is heavily wounded.
You barely miss the orc warrior.
The orc warrior is heavily wounded.
The orc warrior hits you with a war axe of venom!!
* * * LOW HITPOINT WARNING * * *
You are lethally poisoned!
You take 23 damage, and have 12/55 hp.
MASSIVE DAMAGE!!
You are too injured to fight recklessly!
You are too injured to fight recklessly!
You are too injured to fight recklessly!
You are too injured to fight recklessly!
You are too injured to fight recklessly!
You are too injured to fight recklessly!
You are too injured to fight recklessly!
You are too injured to fight recklessly!
You are too injured to fight recklessly!
You are too injured to fight recklessly!
You are too injured to fight recklessly!
You are too injured to fight recklessly!
You are too injured to fight recklessly!
You are too injured to fight recklessly!
You are too injured to fight recklessly!
* * * LOW HITPOINT WARNING * * *
You feel sick.
You see here a potion of curing {@q1}.
You take 1 damage, and have 11/55 hp.
You feel better.
The orc warrior hits you with a war axe of venom!!
You die...

█.█ █.█ █.. █.█ █.█
█.█.█ █.█o█ ████.█o█
██.....@█
.....██.█.███.███ █
█. █.█...........
█.██.██.█..█.███.███
...........███.
█.██.█..█.......
███.██.............██
.....................
█..███.█.█..█..██.██


You could see an orc warrior and an orc.

Vanquished Creatures
  Sigmund (D:2)
  Duvessa (D:6)
  An orc warrior (D:6)
  A sky beast (D:5)
  An ice beast (D:6)
  An ogre (D:5)
  A boggart (shapeshifter) (D:5)
  Dowan (D:6)
  A scorpion (D:5)
  A howler monkey (D:5)
  A crimson imp (D:5)
  A gnoll shaman (D:4)
  2 hounds
  3 orc wizards
  Crazy Yiuf (D:2)
  2 iguanas
  A worker ant (D:6)
  10 gnolls
  An adder (D:5)
  3 river rats (Sewer)
  A shadow imp (D:5)
  2 oozes
  An adder skeleton (D:4)
  4 worms
  2 dart slugs
  3 leopard geckos
  12 orcs
  3 bats
  3 giant cockroaches
  7 goblins
  3 hobgoblins
  6 jackals (D:3)
  2 quokkas
  8 ball pythons
  7 frilled lizards
  2 kobolds (D:1)
  18 rats
119 creatures vanquished.

Vanquished Creatures (collateral kills)
  A frilled lizard (D:3)
1 creature vanquished.

Grand Total: 120 creatures vanquished

Notes
Turn   | Place    | Note
-------+----------+-------------------------------------------
     0 | D:1      | Goblin1989 the Kobold Gladiator began the quest for the Orb.
     0 | D:1      | Reached XP level 1. HP: 12/12 MP: 1/1
   301 | D:1      | Reached XP level 2. HP: 14/17 MP: 2/2
  1105 | D:2      | Noticed Sigmund
  1132 | D:2      | Found a sacrificial altar of Ru.
  1162 | D:2      | Killed Sigmund
  1162 | D:2      | Reached skill level 1 in Armour
  1162 | D:2      | Reached XP level 3. HP: 16/23 MP: 3/3
  1162 | D:2      | Reached XP level 4. HP: 20/28 MP: 4/4
  1162 | D:2      | Reached XP level 5. HP: 23/32 MP: 5/5
  1434 | D:2      | Found a white marble altar of Elyvilon.
  1489 | D:2      | Reached XP level 6. HP: 37/37 MP: 6/6
  1512 | D:2      | Found a runed door.
  1960 | D:2      | Noticed Crazy Yiuf
  1967 | D:2      | Killed Crazy Yiuf
  2033 | D:3      | Noticed Grinder
  2748 | D:4      | Found Eryi's Gadget Emporium.
  2944 | D:4      | Reached skill level 5 in Dodging
  2952 | D:4      | Reached XP level 7. HP: 29/41 MP: 7/7
  3242 | D:5      | Entered Level 5 of the Dungeon
  3323 | D:5      | Reached skill level 5 in Staves
  3394 | D:5      | Found a glowing drain.
  3402 | Sewer    | Entered a sewer
  3875 | D:5      | Found a blossoming altar of Fedhas.
  4033 | D:5      | Reached XP level 8. HP: 48/48 MP: 8/8
  4340 | D:5      | Reached skill level 5 in Fighting
  4466 | D:5      | Found a hazy altar of Hepliaklqana.
  4535 | D:6      | Found a staircase to the Ecumenical Temple.
  4551 | Temple   | Entered the Ecumenical Temple
  5061 | D:6      | Noticed Duvessa
  5063 | D:6      | Noticed Dowan
  5068 | D:6      | Killed Duvessa
  5073 | D:6      | Killed Dowan
  5105 | D:6      | Reached XP level 9. HP: 54/54 MP: 9/9
  5149 | D:6      | Slain by an orc warrior

Vault maps used:
D:1:      dpeg_arrival_brainrot, dk_noncrumbling_4
D:2:      hangedman_ru_absence, overflow_temple_1_default, grunt_decor_cap,
          uniq_crazy_yiuf_cottage, uniq_sigmund
D:3:      lemuel_castle_with_subvaults, nicolae_qazlal_general_emergency,
          uniq_grinder
D:4:      first_bread, serial_shops, kennysheep_mini_moat
D:5:      nicolae_overflow_crystal_walls, portal_sewer_entry_b, fedhas_altar_3
D:6:      corexii_shack_village, led_sif_book,
          minmay_temple_entry_statues_fountains, uniq_duvessa
Temple:   minmay_temple_forest_path
Sewer:    sewer_co_cracked_pipes

Skill      XL: |  1  2  3  4  5  6  7  8 |
---------------+-------------------------+-----
Staves         | 3 4 5 6 |  6.7
Fighting       | 3 4 5 |  5.6
Armour         | 1 2 3 |  3.5
Dodging        | 4 5 6 |  6.6
Throwing       | |  2.1

Action                   |  1- 3 |  4- 6 |  7- 9 || total
-------------------------+-------+-------+-------++-------
Melee: Quarterstaff      |    42 |   114 |   193 ||   349
Throw: Throwing net      |       |     1 |       ||     1
  Use: Potion            |       |     2 |     2 ||     4
       Scroll            |       |       |     9 ||     9
 Stab: Sleeping          |     1 |       |       ||     1
       Petrifying        |       |     1 |       ||     1
       Petrified         |       |       |     1 ||     1
       Paralysed         |       |       |     1 ||     1
  Eat: Chunk             |     4 |     9 |     9 ||    22
Armor: Leather armour    |     2 |     1 |       ||     3
       Scale mail        |       |    44 |    46 ||    90
Dodge: Dodged            |    31 |    99 |   134 ||   264

Vault maps used:
D:1:      dpeg_arrival_brainrot, dk_noncrumbling_4
D:2:      hangedman_ru_absence, overflow_temple_1_default, grunt_decor_cap,
          uniq_crazy_yiuf_cottage, uniq_sigmund
D:3:      lemuel_castle_with_subvaults, nicolae_qazlal_general_emergency,
          uniq_grinder
D:4:      first_bread, serial_shops, kennysheep_mini_moat
D:5:      nicolae_overflow_crystal_walls, portal_sewer_entry_b, fedhas_altar_3
D:6:      corexii_shack_village, led_sif_book,
          minmay_temple_entry_statues_fountains, uniq_duvessa
Temple:   minmay_temple_forest_path
Sewer:    sewer_co_cracked_pipes
